 Dungeon Crawl Stone Soup version 0.30-a0-629-gd54f4be4f7 (webtiles) character file.

Game seed: 11700303971777858341

854 voltaire321 the Shield-Bearer (level 7, -1/61 HPs)
             Began as a Minotaur Fighter on Jan 12, 2023.
             Slain by a black bear (8 damage)
             ... on level 5 of the Dungeon.
             The game lasted 00:07:33 (3853 turns).

voltaire321 the Shield-Bearer (Minotaur Fighter)    Turns: 3853, Time: 00:07:33

Health: -1/61      AC:  8    Str: 23    XL:     7   Next: 70%
Magic:  6/6        EV: 11    Int:  5    God:
Gold:   315        SH:  5    Dex:  9    Spells: 6/6 levels left

rFire   + . .      SeeInvis .    y - +3 hand axe (flame)
rCold   . . .      Faith    .    c - +0 buckler
rNeg    . . .      Spirit   .    t - +0 swamp dragon scales
rPois   +          Reflect  .    (helmet restricted)
rElec   .          Harm     .    (no cloak)
rCorr   .          Rampage  .    (no gloves)
Will    .....                    (no boots) Stlth
                                 (no amulet)
HPRegen 0.30/turn                h - ring of protection from fire
MPRegen 0.10/turn                (no ring)

@: no status effects
A: horns 2, retaliatory headbutt
a: no special abilities


You were on level 5 of the Dungeon.
You visited 1 branch of the dungeon, and saw 5 of its levels.

You collected 315 gold pieces.

Inventory:

Hand Weapons
 a - a +0 war axe
 y - a +3 hand axe of flaming (weapon)
Armour
 c - a +0 buckler (worn)
 l - a +1 chain mail of willpower
 t - +0 swamp dragon scales (worn)
Jewellery
 h - a ring of protection from fire (left hand)
 B - a ring of protection from cold
Wands
 u - a wand of digging (2)
Scrolls
 e - 5 scrolls of teleportation {unknown}
 g - 2 scrolls of butterflies {unknown}
 i - 2 scrolls of silence {unknown}
 j - 8 scrolls of identify {unknown}
 s - a scroll of blinking {unknown}
 v - a scroll of vulnerability {unknown}
 z - a scroll of enchant weapon {unknown}
Potions
 b - 4 potions of ambrosia {unknown}
 d - a potion of might
 f - 2 potions of curing {unknown}
 k - 3 potions of brilliance {unknown}
 m - 2 potions of attraction {unknown}
 n - a potion of cancellation {unknown}
 o - a potion of magic {unknown}
 p - a potion of invisibility {unknown}
 q - a potion of flight {unknown}
 r - a potion of resistance {unknown}
 w - a potion of haste
 A - a potion of berserk rage {unknown}
 C - a potion of heal wounds {unknown}
Miscellaneous
 x - a box of beasts


   Skills:
 + Level 5.6 Fighting
 + Level 5.0 Axes
 + Level 5.7 Armour
 + Level 3.8 Dodging
 + Level 5.8 Shields
 + Level 2.0 Evocations


You had 6 spell levels left.
You didn't know any spells.
Your spell library contained the following spells:

 Spells                   Type           Power      Damage    Failure   Level
 Apportation              Tloc           0%         N/A       71%         1
 Cigotuvi's Dreadful Rot  Necr/Pois/Air  0%         N/A       83%         2
 Poisonous Vapours        Pois/Air       0%         N/A       83%         2
 Mephitic Cloud           Conj/Pois/Air  0%         N/A       97%         3
 Alistair's Intoxication  Tmut/Pois      0%         N/A       100%        5
 Malign Gateway           Summ/Tloc      0%         N/A       100%        7
 Summon Horrible Things   Summ           0%         N/A       100%        8


Dungeon Overview and Level Annotations

Branches:
Dungeon (5/15)
 Temple: D:4-7

Altars:
Ru
The Shining One

Shops:
D:4 (

Annotations:
D:4 2 runed translucent doors
D:5 Edmund


Innate Abilities, Weirdness & Mutations

You have a pair of horns on your head.
You reflexively headbutt those who attack you in melee.


Message History

* * * LOW HITPOINT WARNING * * *
The white imp barely misses you.
You barely miss Eustachio.
Eustachio is severely wounded.
You hit the hound. You burn the hound. You hit the black bear.
You burn the black bear. You hit the white imp. You burn the white imp.
The hound closely misses you. You block the hound's attack.
The black bear closely misses you. You furiously retaliate!
You headbutt the black bear! The black bear misses you.
The black bear barely misses you. Eustachio misses you.
You furiously retaliate!
You headbutt Eustachio. The white imp barely misses you.
You furiously retaliate!
You headbutt the white imp.
You kill the white imp!
You closely miss Eustachio. Your headbutt misses Eustachio.
Eustachio is severely wounded.
You hit the hound. You burn the hound.
You hit the black bear but do no damage.
You hit Edmund. The hound completely misses you.
Eustachio hits you with a +0 rapier.
* * * LOW HITPOINT WARNING * * *
The black bear bites you but does no damage.
The black bear claws you but does no damage. x2
Edmund misses you. You block the hound's attack.
You slash Eustachio! You burn Eustachio.
You kill Eustachio!
The crimson imp disappears in a puff of smoke!
You closely miss the hound. You barely miss the black bear. You hit Edmund.
You burn Edmund. The hound bites you but does no damage.
Edmund closely misses you. The black bear bites you.
* * * LOW HITPOINT WARNING * * *
The black bear closely misses you.
The black bear claws you but does no damage.
Your Axes skill increases to level 5!
Your Evocations skill increases to level 2!
Found a leather armour.
The black bear goes berserk!
The hound barely misses you.
The black bear attacks as you move away!
The black bear bites you!
You die...

....###.........
................
....$...........
...........?....
?...............
.<......<.......
.......@........
....###hh§.....!
@. #@###....#
#.# ....# #..
...# #... ..#
#.... ... #.....
#...... #.[.....


You could see Edmund, a black bear (berserk) and a hound.

Vanquished Creatures
  Eustachio (D:5)
  An orc warrior (D:4)
  2 phantoms (D:4)
  A scorpion (D:4)
  A hound (D:4)
  A jelly (D:5)
  A gnoll bouda (D:4)
  Ijyb (D:3)
  An iguana (D:4)
  3 orc wizards (D:4)
  Robin (D:4)
  5 adders
  A gnoll (D:4)
  2 white imps
  An ufetubus (D:4)
  3 dart slugs
  13 orcs
  7 endoplasms
  4 giant cockroaches
  19 goblins
  9 hobgoblins
  7 jackals (D:1)
  3 quokkas
  8 ball pythons
  4 bats
  6 frilled lizards
  7 kobolds
  6 rats
119 creatures vanquished.

Notes
Turn   | Place    | Note
-------+----------+-------------------------------------------
     0 | D:1      | voltaire321 the Minotaur Fighter began the quest for the
                  | Orb.
     0 | D:1      | Reached XP level 1. HP: 19/19 MP: 0/0
   102 | D:1      | Reached XP level 2. HP: 27/27 MP: 1/1
   423 | D:1      | Reached skill level 1 in Dodging
   482 | D:1      | Reached XP level 3. HP: 33/33 MP: 2/2
  1374 | D:2      | Reached XP level 4. HP: 37/40 MP: 3/3
  1459 | D:2      | Found a faded altar of an unknown god.
  1937 | D:3      | Identified the -1 helmet of the Valley {rC+ Will+ Str+4
                  | Dex+3}
  2275 | D:3      | Noticed Ijyb
  2290 | D:3      | Killed Ijyb
  2672 | D:4      | Noticed Robin
  2676 | D:4      | Reached XP level 5. HP: 47/47 MP: 4/4
  2686 | D:4      | Killed Robin
  2703 | D:4      | Found a large runed translucent door.
  2723 | D:4      | Found a large runed translucent door.
  2739 | D:4      | Noticed a phantom
  2747 | D:4      | Killed a phantom
  2791 | D:4      | Reached XP level 6. HP: 47/53 MP: 5/5
  2876 | D:4      | Reached skill level 5 in Shields
  2881 | D:4      | Reached skill level 5 in Armour
  3056 | D:4      | Found a sacrificial altar of Ru.
  3150 | D:4      | Found Kevawot's Weapon Emporium.
  3161 | D:4      | Reached skill level 5 in Fighting
  3161 | D:4      | Reached skill level 1 in Evocations
  3280 | D:4      | Reached XP level 7. HP: 59/61 MP: 6/6
  3331 | D:4      | Found a large runed translucent door.
  3331 | D:4      | Found a large runed translucent door.
  3708 | D:4      | Found a glowing golden altar of the Shining One.
  3836 | D:5      | Entered Level 5 of the Dungeon
  3836 | D:5      | Noticed Eustachio
  3842 | D:5      | Noticed Edmund
  3851 | D:5      | Killed Eustachio
  3852 | D:5      | Reached skill level 5 in Axes
  3853 | D:5      | Slain by a black bear

Illustrated notes

Levels and vault maps discovered:
D:1:      dpeg_arrival_rooms_with_view, layout_basic
D:2:      layout_basic, shapermc_ecumenical_altar_pompeii, minmay_between
D:3:      layout_basic, minmay_misc_feat_diagonals, uniq_ijyb
D:4:      layout_basic, general_overflow_altar, nicolae_ru_awakened_eye,
          serial_shops, nicolae_shop_bloodbath_and_beyond, minmay_crystal_water,
          minmay_hollow_rounded_squares, uniq_robin
D:5:      cheibrodos_thug_alley, layout_basic, uniq_eustachio, uniq_edmund

Skill      XL: |  1  2  3  4  5  6  7 |
---------------+----------------------+-----
Dodging        | 1 2 3 |  3.8
Shields        | 4 5 |  5.8
Armour         | 4 5 |  5.7
Fighting       | 4 5 |  5.6
Axes           | 3 4 5 |  5.0
Evocations     | 1 2 |  2.0

Action                   |  1- 3 |  4- 6 |  7- 9 || total
-------------------------+-------+-------+-------++-------
Melee: War axe           |    84 |   102 |       ||   186
       Headbutt          |     6 |    23 |     3 ||    32
       Hand axe          |       |    34 |    41 ||    75
Armor: Scale mail        |    21 |       |       ||    21
       Chain mail        |    23 |    14 |       ||    37
       Swamp dragon scal |       |    49 |    23 ||    72
Dodge: Dodged            |    31 |    76 |    32 ||   139
Block: Buckler           |    24 |    32 |     9 ||    65

Table legend: (Time is in decaauts)
 A = Elapsed time spent in this place.
 B = Non-inter-level travel time spent in this place.
 C = Inter-level travel time spent in this place.
 D = Time resting spent in this place.
 E = Time spent auto-exploring this place.
 F = Levels seen in this place.
 G = Mean time per level.
                   A        B        C        D        E       F      G
               +--------+--------+--------+--------+--------+-----+--------+
         Total |   3933 |   3855 |     78 |      0 |   2975 |   5 |  786.6 |
       Dungeon |   3933 |   3855 |     78 |      0 |   2975 |   5 |  786.6 |
               +--------+--------+--------+--------+--------+-----+--------+

Top non-repeatable levels by time:
     D:4: 1190 daAuts
     D:1: 1091 daAuts
     D:3: 867 daAuts
     D:2: 765 daAuts
     D:5: 18 daAuts
